 Dungeon Crawl Stone Soup version 0.32-a0-893-gf85d74f360 (webtiles) character file.

Game seed: 8415096967908614577

741194 gameguard the Force of Nature (level 27, -23/200 HPs)
             Began as a Demonspawn Hexslinger on Apr 4, 2024.
             Was the Champion of Fedhas.
             Killed by dispel undead
             ... invoked by a Tzitzimitl
             ... called by a doom hound
              (36 damage)
             ... on level 2 of Tartarus.
             The game lasted 04:54:31 (70086 turns).

gameguard the Force of Nature (DsHs)               Turns: 70086, Time: 04:54:32

Health: -23/200    AC: 28    Str: 17    XL:     27
Magic:  7/38       EV: 21    Int: 21    God:    Fedhas [******]
Gold:   7904       SH: 23    Dex: 28    Spells: 9/39 levels left

rFire   + + .        a - +8 hand cannon (freeze)
rCold   + + .        s - +5 Storm Queen's Shield {shock, Fly rElec}
rNeg    + + +        v - +3 swamp dragon scales
rPois   ∞            (helmet unavailable)
rElec   +            W - +4 dragonskin cloak {Aegis}
rCorr   .            q - +2 pair of gloves {Dex+3}
SInv    +            y - +2 pair of boots {Fly}
Will    ++...        V - amulet of regeneration
Stlth   +++          P - +6 ring of dexterity
HPRegen 2.13/turn    p - ring of Bir Goci {rF+ Int+3}
MPRegen 0.26/turn

%: no passive effects
@: death-form, flying, slowed, wreathed by umbra, studying 4 skills,
weak-willed, very slow
A: vile attack, torment immunity, no potions, reduced hp, antennae 3, icy blue
scales 3, ignite blood 3, corrupting presence 2, word of chaos, foul shadow 3,
fire resistance 1, strong-willed 1, regeneration 1, strong 1, MP-powered wands
}: 5/15 runes: decaying, slimy, silver, golden, gossamer
a: Word of Chaos, Siphon Essence, Begin Untransformation, Renounce Religion,
Wall of Briars, Grow Ballistomycete, Overgrow, Grow Oklob


You were on level 2 of Tartarus.
You worshipped Fedhas.
Fedhas was exalted by your worship.
You were an undying horror.
You visited 16 branches of the dungeon, and saw 65 of its levels.
You visited 1 bazaar.
You also visited: Trove, Ice Cave, Volcano and Wizlab.

You collected 13471 gold pieces.
You spent 5567 gold pieces at shops.

Inventory:

Hand Weapons
 a - a +8 hand cannon of freezing (weapon)
 b - a +2 hand cannon of freezing
Missiles
 m - a throwing net {!f}
 F - 12 curare-tipped darts
Armour
 q - a +2 pair of gloves of dexterity (worn)
 s - the +5 Storm Queen's Shield (worn) {shock, Fly rElec}
   (You found it in a treasure trove)

   Shock:     When it blocks an attack, it may electrocute the attacker.
   This works even against foes who are a short distance away.
   rElec:     It insulates you from electricity.
   Fly:       It grants you flight.
 v - +3 swamp dragon scales (worn)
 y - a +2 pair of boots of flying (worn)
 Q - the +1 troll leather armour of the Kangaroo {^Contam rPois rN+++ Regen+ Dex+4}
   (You found it in a treasure trove)

   Dex+4:     It affects your dexterity (+4).
   rPois:     It protects you from poison.
   rN+++:     It renders you almost immune to negative energy.
   ^Contam:   It causes magical contamination when unequipped.
   Regen+:    It increases your rate of health regeneration.
 W - the +4 dragonskin cloak (worn) {Aegis}
   (You took it off Tiamat on level 3 of the Realm of Zot)

   Avatar's Aegis: It grants the wearer a chance to resist fire, cold, poison,
   electricity, acid, and negative energy.
Jewellery
 p - the ring of Bir Goci (right hand) {rF+ Int+3}
   (You found it on level 3 of the Elven Halls)

   [ring of protection from fire]

   Int+3:     It affects your intelligence (+3).
   rF+:       It protects you from fire.
 z - a ring of protection from cold
 D - a ring of resist corrosion
 O - the ring of Nureroest {rPois rF+ rC- Slay+4 Stlth+}
   (You found it on level 5 of the Pits of Slime)

   [ring of slaying]

   Slay+4:    It affects your accuracy & damage with ranged weapons and melee
   (+4).
   rF+:       It protects you from fire.
   rC-:       It makes you vulnerable to cold.
   rPois:     It protects you from poison.
   Stlth+:    It makes you more stealthy.
 P - a +6 ring of dexterity (left hand)
 V - an amulet of regeneration (around neck)
Talismans
 T - a talisman of death (active)
Wands
 j - a wand of charming (75)
 l - a wand of roots (61)
 B - a wand of light (13)
 I - a wand of digging (22)
 R - a wand of mindburst (67)
 S - a wand of polymorph (52)
Scrolls
 c - a scroll of silence
 f - 26 scrolls of teleportation
 g - 8 scrolls of revelation
 h - 6 scrolls of immolation
 k - 9 scrolls of fear
 x - 4 scrolls of amnesia
 E - 8 scrolls of fog
 N - 2 scrolls of blinking
 Y - 2 scrolls of summoning
Potions
 d - 7 potions of curing
 i - 6 potions of ambrosia
 n - 3 potions of haste
 o - 5 potions of heal wounds
 u - 10 potions of magic
 A - 4 potions of resistance
 G - 3 potions of cancellation
 J - 4 potions of mutation
 K - 9 potions of brilliance
 U - 6 potions of lignification
Miscellaneous
 e - a lightning rod (4/4)
 r - a condenser vane (inert)
 H - a sack of spiders
 L - a figurine of a ziggurat
 M - a Gell's gravitambourine (2/2)
 X - the horn of Geryon
 Z - a phantom mirror


   Skills:
 + Level 18.1 Fighting
 - Level 20.0 Ranged Weapons
 + Level 8.3 Armour
 + Level 12.2 Dodging
 - Level 2.0 Stealth
 + Level 19.4 Shields
 + Level 6.9 Spellcasting
 + Level 11.2 Hexes
 - Level 6.0 Necromancy
 + Level 8.3 Translocations
 - Level 0.8 Fire Magic
 + Level 3.3 Air Magic
 + Level 7.4 Alchemy
 + Level 23.1 Invocations
 + Level 11.4 Evocations
 * Level 22.2 Shapeshifting


You had 9 spell levels left.
You knew the following spells:

 Your Spells              Type           Power      Damage    Failure   Level
a - Vhi's Electric Charg  Tloc/Air       62%        N/A       19%         4
b - Passage of Golubria   Tloc           42%        N/A       6%          4
d - Cause Fear            Hex            26%        N/A       1%          4
f - Yara's Violent Unrav  Hex/Alch       23%        3d10      12%         5
l - Blink                 Tloc           84%        N/A       1%          2
q - Apportation           Tloc           84%        N/A       1%          1
v - Fugue of the Fallen   Necr           32%        N/A       5%          3
x - Sigil of Binding      Hex            53%        N/A       1%          3
z - Dimensional Bullseye  Hex/Tloc       24%        N/A       3%          4

Your spell library contained the following spells:

 Spells                   Type           Power      Damage    Failure   Level
 Jinxbite                 Hex            100%       N/A       1%          2
 Lesser Beckoning         Tloc           84%        N/A       1%          2
 Confusing Touch          Hex            53%        N/A       1%          3
 Teleport Other           Tloc           42%        N/A       1%          3
 Tukima's Dance           Hex            53%        N/A       1%          3
 Sublimation of Blood     Necr           32%        N/A       2%          2
 Cigotuvi's Dreadful Rot  Necr/Alch/Air  60%        N/A       3%          2
 Ensorcelled Hibernation  Hex/Ice        60%        N/A       3%          2
 Mercury Vapours          Alch/Air       58%        N/A       3%          2
 Inner Flame              Hex/Fire       32%        N/A       4%          3
 Momentum Strike          Conj/Tloc      48%        3d9       5%          2
 Kiss of Death            Conj/Necr      76%        2d11      6%          1
 Dazzling Flash           Conj/Hex       60%        N/A       6%          3
 Anguish                  Hex/Necr       21%        N/A       6%          4
 Volatile Blastmotes      Fire/Tloc      52%        2d14      9%          3
 Olgreb's Toxic Radiance  Alch           38%        N/A       10%         4
 Mephitic Cloud           Conj/Alch/Air  22%        N/A       14%         3
 Static Discharge         Conj/Air       28%        3-5/arc   16%         2
 Swiftness                Air            21%        N/A       16%         3
 Animate Dead             Necr           32%        N/A       17%         4
 Dispel Undead            Necr           32%        3d14      17%         4
 Freeze                   Ice            28%        1d5       21%         1
 Magic Dart               Conj           28%        1d4       21%         1
 Sandblast                Erth           14%        2d6       21%         1
 Scorch                   Fire           20%        2d5       22%         2
 Alistair's Intoxication  Alch           25%        N/A       26%         5
 Silence                  Hex/Air        19%        N/A       28%         5
 Searing Ray              Conj           14%        2d5       30%         2
 Iskenderun's Mystic Bla Conj/Tloc 24%            2d7        (+2d3     34%         4
 Sticky Flame             Fire/Alch      24%        2d6       36%         4
 Fulminant Prism          Conj/Alch      11%        3d8       41%         4
 Leda's Liquefaction      Alch/Erth      11%        N/A       41%         4
 Petrify                  Alch/Erth      22%        N/A       41%         4
 Curse of Agony           Necr           32%        N/A       43%         5
 Airstrike                Air            10%        2d(2-18)  45%         4
 Metabolic Englaciation   Hex/Ice        15%        N/A       50%         5
 Summon Mana Viper        Hex/Summ       30%        N/A       50%         5
 Ozocubu's Armour         Ice            7%         N/A       52%         3
 Passwall                 Erth           7%         N/A       52%         3
 Stone Arrow              Conj/Erth      14%        3d7       52%         3
 Summon Ice Beast         Ice/Summ       7%         N/A       52%         3
 Martyr's Knell           Necr/Summ      19%        N/A       52%         4
 Dispersal                Tloc           21%        N/A       69%         6
 Gell's Gavotte           Tloc           21%        2d(20-30) 69%         6
 Summon Lightning Spire   Summ/Air       14%        N/A       71%         4
 Irradiate                Conj/Alch      11%        3d15      77%         5
 Flame Wave               Conj/Fire      9%         2d6       86%         4
 Summon Blazeheart Golem  Fire/Summ      9%         N/A       86%         4
 Borgnjor's Vile Clutch   Necr/Erth      9%         N/A       86%         5
 Enfeeble                 Hex            26%        N/A       86%         7
 Brom's Barrelling Bould  Conj/Erth      7%         2d3       90%         4
 Death Channel            Necr           16%        N/A       95%         6
 Arcjolt                  Conj/Air       7%         1d17      96%         5
 Fireball                 Conj/Fire      4%         3d4       99%         5
 Iskenderun's Battlesphe  Conj           7%         2d6       99%         5
 Lee's Rapid Deconstruct  Erth           3%         3d5*      99%         5
 Manifold Assault         Tloc           21%        N/A       99%         7
 Bombard                  Conj/Erth      3%         9d1       100%        6
 Conjure Ball Lightning   Conj/Air       7%         3x3d6     100%        6
 Plasma Beam              Fire/Air       8%         2x1d18    100%        6
 Sculpt Simulacrum        Ice/Alch       11%        N/A       100%        6
 Starburst                Conj/Fire      4%         6d4       100%        6
 Summon Cactus Giant      Summ           3%         N/A       100%        6
 Haunt                    Necr/Summ      9%         N/A       100%        7
 Malign Gateway           Summ/Tloc      12%        N/A       100%        7
 Monstrous Menagerie      Summ           3%         N/A       100%        7
 Orb of Destruction       Conj           3%         9d5       100%        7
 Ozocubu's Refrigeration  Ice            3%         4d8       100%        7
 Spellforged Servitor     Conj/Summ      3%         N/A       100%        7
 Borgnjor's Revivificati  Necr           16%        N/A       100%        8
 Discord                  Hex            26%        N/A       100%        8
 Disjunction              Tloc           21%        N/A       100%        8
 Lehudib's Crystal Spear  Conj/Erth      3%         10d3      100%        8
 Maxwell's Capacitive Co  Air            10%        ∞         100%        8
 Summon Horrible Things   Summ           3%         N/A       100%        8
 Death's Door             Necr           16%        N/A       100%        9
 Dragon's Call            Summ           3%         N/A       100%        9
 Polar Vortex             Ice            3%         N/A       100%        9


Dungeon Overview and Level Annotations

Branches:
Dungeon (15/15) Zot: 24351  Temple (1/1) D:6 Zot: 5941    Lair (5/5) D:8 Zot: 22142
  Swamp (4/4) Lair:2 Zot: 20904  Spider (4/4) Lair:3 Zot: 18970   Slime (5/5) Lair:4 Zot: 25990
    Orc (2/2) D:12 Zot: 10011     Elf (3/3) Orc:2 Zot: 14503  Vaults (5/5) D:14 Zot: 22504
  Crypt (3/3) Vaults:2 Zot: 14146    Tomb (3/3) Crypt:3 Zot: 15106  Depths (4/4) D:15 Zot: 17637
   Hell (visited)             Dis (0/7) Hell            Geh (4/7) Hell Zot: 26799
    Coc (0/7) Hell            Tar (2/7) Hell Zot: 26799     Zot (4/5) Depths:4 Zot: 19141
  IceCv (visited)         Volcano (visited)          WizLab (visited)

Altars:
Ashenzari
Cheibriados
Dithmenos
Fedhas
Gozag
Hepliaklqana
Kikubaaqudgha
Makhleb
Nemelex Xobeh
Okawaru
Qazlal
Ru
Sif Muna
Trog
Uskayaw
Vehumet
Wu Jian
Xom
Yredelemnul
Beogh
Jiyva

Shops:
D:1 (   D:6 !   D:10 (   D:12 (   Orc:2 =!?*   Elf:1 *   Elf:2 *   Elf:3 [*:
Vaults:1 :==   Vaults:3 =

Portals:
Hell: Depths:1 Depths:2 Depths:3 Depths:4
Abyss: Depths:1 Depths:3 Depths:4
Pandemonium: Depths:1 Depths:2
Ziggurat: Depths:1

Annotations:
Lair:1 Lightning rod
Swamp:1 1 runed translucent door, Buiwea Hucos's ghost, adept FoDe


Innate Abilities, Weirdness & Mutations

You are an undying horror.
Your melee and unarmed attacks drain, slow and weaken victims.
You are immune to unholy pain and torment.
You cannot drink.
Your maximum health is decreased, since you lack skill for your form.
You are immune to poison.
You have a pair of large antennae on your head. (SInv)
You are completely covered in icy blue scales. (AC +4, rC+)
Your demonic aura causes all spilled blood to erupt in flames.
Your presence sometimes corrodes or deforms those you injure.
You can speak a Word of Chaos.
You are darkly shadowed, frequently releasing foul flame when damaged in melee.
Your flesh is heat resistant. (rF+)
You are strong-willed. (Will+)
Your natural rate of healing is unusually fast.
Your muscles are strong. (Str +4, Int/Dex -1)
You expend magic power (3 MP) to strengthen your wands.


Message History

Aim: a Tzitzimitl (magical condensation, severely wounded, covered in acid, umbra, 71% to hit)
You shoot a slug. The slug closely misses the Tzitzimitl.
You block the Tzitzimitl's attack. x2; The Tzitzimitl engulfs you!
* * * LOW HITPOINT WARNING * * *
The Tzitzimitl drains your vigour!
You feel yourself slow down.
The Tzitzimitl is seared by the foul flame within you.
The Tzitzimitl resists.
The Tzitzimitl is severely wounded.
The Tzitzimitl bites you but does no damage.
Aiming: Bolt of Light
Press: ? - help, Shift-Dir - straight line, f/p - Tzitzimitl
Aim: a Tzitzimitl (magical condensation, severely wounded, covered in acid, umbra, 57% to hit)
You feel a surge of power!
The bolt of light misses the Tzitzimitl.
The Tzitzimitl engulfs you.
* * * LOW HITPOINT WARNING * * *
The Tzitzimitl drains your vigour!
You feel as though you will be slow longer.
The Tzitzimitl bites you but does no damage.
Aiming: Bolt of Light
Press: ? - help, Shift-Dir - straight line, f/p - Tzitzimitl
Aim: a Tzitzimitl (magical condensation, severely wounded, covered in acid, umbra, 57% to hit)
You feel a surge of power!
The bolt of light hits the Tzitzimitl!!
The Tzitzimitl is almost dead.
The Tzitzimitl is blinded.
The Tzitzimitl is no longer covered in acid.
The Tzitzimitl gestures at you.
You convulse!
* * * LOW HITPOINT WARNING * * *
You block the Tzitzimitl's attack. The Tzitzimitl misses you.
Aiming: Bolt of Light
Press: ? - help, Shift-Dir - straight line, f/p - Tzitzimitl
Aim: a Tzitzimitl (almost dead, blind, unable to see you, umbra, 57% to hit)
You feel a surge of power!
The bolt of light misses the Tzitzimitl.
The infernal howling subsides.
The Tzitzimitl gestures at you.
You convulse!
You die...
Fedhas appreciates your contribution to the ecosystem.

########################
.......................#
#.........#.(.....#..#
#..†....###.†.....#.###
#...#.####........##...#
..##
#.1z#...####.##...##
######..(# #####..#
##.#)## #..# #.....#
#..# ##...## #.###
#PP..P# #...# ##.#.##
#...# #.....# #...#
......... #..##


You could see a Tzitzimitl (blind, unable to see you).

Vanquished Creatures
  the Royal Jelly (Slime:5)
  Tiamat (Zot:3)
  2 dread liches
  2 ancient liches
  2 orbs of fire (Zot:2)
  A juggernaut (Depths:2)
  13 royal mummies
  Boris (Depths:3)
  Saint Roka (Orc:2)
  A Killer Klown (Zot:3)
  3 curse toes
  A caustic shrike (Depths:2)
  14 golden dragons
  Geryon (Hell)
  A profane servitor (Tar:1)
  Arachne (Spider:4)
  4 bone dragons
  4 doom hounds
  2 Tzitzimimeh
  12 tentacled monstrosities
  A Brimstone Fiend (Tar:1)
  A Hell Sentinel (Tomb:2)
  3 tainted leviathans (Tar:2)
  An electric golem (Zot:3)
  6 hellephants
  A walking crystal tome (WizLab)
  8 liches
  A titan (Vaults:5)
  2 Ice Fiends (IceCv)
  A deep elf blademaster (Elf:3)
  5 searing wretches
  9 sphinxes
  A deep elf master archer (Elf:3)
  21 acid blobs
  4 death cobs
  3 quicksilver dragons
  4 ancient champions
  Gastronok (Lair:2)
  The ghost of tweeg707 the Executioner, an adept MDBe of Trog (Spider:2)
  7 tengu reavers
  A strange machine (WizLab)
  13 storm dragons
  9 rockslimes (Slime:5)
  4 fenstrider witches
  3 draconian monks
  12 azure jellies
  2 protean progenitors
  12 shadow dragons
  4 revenants
  6 draconian knights
  The ghost of nel the Spry, an adept KoRe of Wu Jian (Swamp:4)
  8 fire giants
  6 emperor scorpions
  15 frost giants
  A draconian shifter (Zot:4)
  9 deep elf sorcerers
  2 deep elf elementalists
  5 balrugs
  3 draconian scorchers
  12 vault wardens
  An iron dragon (Depths:2)
  Louise (Spider:2)
  5 ghouls
  A caustic shrike zombie (Crypt:3)
  4 curse skulls
  A draconian stormcaller (Zot:3)
  5 quicksilver oozes (Slime:5)
  13 reapers
  8 ghost moths
  17 ironbound preservers
  4 formless jellyfish
  5 orc warlords
  3 draconian annihilators
  11 very ugly things
  2 grey draconians (Depths:4)
  8 broodmothers
  13 stone giants
  6 deep elf death magi
  5 vampire knights
  7 black draconians
  8 ironbound thunderhulks
  A spectral titan (Tar:1)
  6 deep elf demonologists
  7 purple draconians
  7 deep elf annihilators
  A lorocyproca (Hell)
  5 eleionomae
  6 white draconians
  5 green draconians
  5 putrid mouths
  9 dire elephants
  10 red draconians
  7 bunyips
  2 yellow draconians
  2 bennus (Tomb:2)
  6 war gargoyles
  12 spark wasps
  17 ettins
  8 mummy priests
  2 crystal guardians (Depths:3)
  2 blizzard demons
  11 eidola
  11 jiangshi
  15 fire dragons
  5 rakshasas
  A merfolk javelineer (Depths:1)
  7 entropy weavers
  2 spectral spriggans (Tar:1)
  12 deep elf high priests
  8 great orbs of eyes
  9 yaktaur captains
  Erolcha (D:9)
  9 ice dragons
  A spectral fenstrider witch (Tar:1)
  7 spriggan zombies
  6 jorogumos
  30 vault guards
  A quicksilver dragon skeleton (Crypt:3)
  A caustic shrike simulacrum (IceCv)
  4 salamander tyrants
  2 peacekeepers
  8 alligators
  10 hydras
  3 radroaches
  2 spriggan air magi
  A sphinx zombie (Depths:3)
  4 ironbound frosthearts
  A catoblepas (Lair:2)
  A spriggan skeleton (Crypt:3)
  4 ogre magi
  30 dancing weapons
  9 boulder beetles
  13 centaur warriors
  A death knight (Crypt:1)
  13 two-headed ogres
  3 deep troll earth magi
  5 stokers
  3 death yaks (Lair:3)
  3 spectral stone giants (Tar:2)
  22 death scarabs
  3 deep troll shamans
  A spectral dire elephant (Tar:2)
  8 demonic crawlers
  24 hell hogs
  4 occultists
  5 vampire magi
  A quicksilver ooze zombie (Crypt:1)
  7 spriggan berserkers
  3 titan zombies
  9 tengu warriors
  Urug (D:14)
  19 deep elf knights
  4 sun demons (Hell)
  8 hell knights (Depths:4)
  5 orc high priests
  Sonja (D:10)
  9 soul eaters
  2 bunyip zombies (Crypt:3)
  2 pharaoh ants (Spider:2)
  4 skysharks
  A spectral bunyip (Tar:1)
  2 spark wasp zombies (Hell)
  2 golden dragon zombies
  4 goliath frogs
  6 deep elf archers
  6 iron trolls
  2 shadow wraiths
  19 skeletal warriors
  10 orb spiders
  7 spriggan druids
  A mana viper (shapeshifter) (Vaults:5)
  A storm dragon skeleton (Tomb:2)
  43 deep trolls
  4 glowing orange brains
  2 arcanists (Vaults:1)
  4 bog bodies
  6 swamp dragons
  2 deep trolls (shapeshifter)
  A wolf spider zombie (Crypt:1)
  4 steelbarb worms
  An obsidian statue (IceCv)
  An anaconda zombie (Crypt:2)
  2 spriggan simulacra (IceCv)
  6 lindwurms
  27 deep elf zephyrmancers
  3 flayed ghosts
  Pikel (D:6)
  3 thermic dynamos
  An obsidian bat (Orc:1)
  17 orc knights
  An anaconda skeleton (Crypt:3)
  A shadow dragon zombie (Crypt:3)
  25 ugly things
  A tengu zombie (Hell)
  A draconian zombie (Crypt:3)
  26 deep elf pyromancers
  24 ironbound convokers
  A tengu skeleton (Depths:3)
  A shadow dragon skeleton (Depths:3)
  2 frost giant zombies (Hell)
  35 moths of wrath
  A faun (shapeshifter) (Elf:1)
  5 orc sorcerers
  18 phantasmal warriors
  28 wolf spiders
  2 manticores
  4 cyclopes
  2 spectral centaurs
  2 shining eyes
  A stone giant zombie (Hell)
  12 necromancers
  3 salamanders (Depths:2)
  5 will-o-the-wisps
  A meliai (shapeshifter) (Elf:1)
  11 meliai
  13 elephants
  A guardian serpent (shapeshifter) (Elf:1)
  An iron dragon skeleton (Tomb:1)
  6 kobold blastminers
  An eleionoma skeleton (Crypt:2)
  10 vault sentinels
  A naga zombie (Crypt:3)
  An alligator snapping turtle zombie (Crypt:3)
  10 black mambas
  A centaur zombie (Crypt:3)
  2 smoke demons (Hell)
  2 dire elephant skeletons (Crypt:3)
  16 cane toads
  Maggie (D:6)
  6 torpor snails
  A dire elephant zombie (Crypt:1)
  3 gargoyles (Depths:3)
  2 water nymphs (Swamp:2)
  12 komodo dragons
  2 centaur skeletons (Crypt:3)
  An unseen horror (shapeshifter) (Vaults:5)
  A kobold demonologist (D:11)
  A yaktaur (shapeshifter) (Elf:1)
  A naga skeleton (Crypt:3)
  5 unseen horrors
  A hellion (Geh:1)
  3 tormentors
  8 freezing wraiths
  15 guardian mummies
  A rime drake (Lair:5)
  A sea snake zombie (Crypt:2)
  2 tengu conjurers
  A troll (shapeshifter) (Elf:1)
  16 yaktaurs
  A red draconian skeleton (Crypt:2)
  A red devil (Hell)
  3 ice devils
  An anaconda simulacrum (IceCv)
  A bloated husk (Swamp:1)
  A golden dragon simulacrum (IceCv)
  2 merfolk
  2 polar bears
  A silent spectre (Tar:1)
  4 harpy zombies
  A polar bear (shapeshifter) (Elf:1)
  3 trolls
  8 tyrant leeches
  4 hydra skeletons
  27 jumping spiders
  Grinder (D:4)
  2 glass eyes
  10 hornets
  26 tarantellas
  2 alligator simulacra (IceCv)
  13 hellwings (Crypt:3)
  A dream sheep (shapeshifter) (Depths:3)
  A dream sheep (Vaults:2)
  27 blink frogs
  61 slime creatures
  A spectral black mamba (Tar:2)
  16 water elementals
  32 culicivoras
  59 yaks
  6 air elementals
  14 wyverns
  20 spriggans
  9 wraiths
  A centaur simulacrum (D:15)
  A culicivora (shapeshifter) (Elf:1)
  3 dire elephant simulacra (IceCv)
  A vampire (D:10)
  A warg (shapeshifter) (D:15)
  8 basilisks
  An ettin skeleton (Crypt:3)
  2 shadows
  9 ushabtiu
  5 fire elementals
  12 golden eyes (Slime:5)
  12 humans
  5 wargs
  A steam dragon (D:8)
  62 redbacks
  6 minotaur simulacra (IceCv)
  A wind drake skeleton (Crypt:1)
  A glowing shapeshifter zombie (Hell)
  A skyshark zombie (Crypt:1)
  22 vampire mosquitoes
  16 swamp worms
  2 swamp worms (shapeshifter)
  A human zombie (Hell)
  8 acid dragons
  2 faun skeletons
  2 hydra simulacra (Swamp:4)
  11 water moccasins
  5 swamp drakes
  21 orc warriors
  2 black bears
  27 laughing skulls
  2 ice beasts
  A redback (shapeshifter) (Depths:2)
  A black bear (shapeshifter) (Elf:1)
  12 ogres
  A swamp dragon zombie (Swamp:4)
  4 wolves
  An ogre (shapeshifter) (Depths:2)
  2 lemures (D:6)
  6 centaurs
  3 kobold brigands
  4 deep troll simulacra (IceCv)
  5 gnoll sergeants
  21 bullfrogs
  4 earth elementals
  A scorpion (D:7)
  11 wyvern skeletons (Crypt:3)
  9 wights
  A queen bee zombie (Crypt:2)
  A lindwurm simulacrum (IceCv)
  15 killer bees
  7 electric eels
  6 howler monkeys
  A lava snake (Elf:2)
  4 bombardier beetles
  23 orc priests
  3 hounds
  2 jellies (D:6)
  A basilisk skeleton (Crypt:2)
  3 iguanas
  25 orc wizards
  A hound zombie (Crypt:1)
  16 mummies
  12 gnolls
  7 adders
  A shadow imp (D:6)
  3 dart slugs
  57 orcs
  3 endoplasms
  3 giant cockroaches
  4 goblins
  7 hobgoblins
  14 kobolds
  4 quokkas
  A river rat zombie (Crypt:1)
  9 ball pythons
  4 bats
  A bombardier beetle zombie (Crypt:2)
  2 frilled lizards (D:1)
  7 rats
  A rat zombie (Crypt:2)
  3 ballistomycete spores
  A creeping inferno (Geh:1)
  2 fire vortices
2431 creatures vanquished.

Vanquished Creatures (collateral kills)
  2 juggernauts (Depths:2)
  Bai Suzhen (Spider:4)
  5 royal mummies
  Vv (Zot:3)
  Nikola (Depths:1)
  3 golden dragons (Vaults:5)
  3 bone dragons (Tar:2)
  2 tentacled monstrosities
  A deep elf blademaster (Elf:3)
  2 titans
  A walking frostbound tome (WizLab)
  2 quicksilver dragons
  2 tengu reavers
  A shadow dragon (Vaults:5)
  Donald (Elf:2)
  2 revenants (Tomb:3)
  A protean progenitor (Zot:1)
  A deep elf sorcerer (Elf:3)
  A fire giant (Depths:1)
  A deep elf elementalist (Elf:3)
  A ghoul (Swamp:4)
  An ironbound preserver (Vaults:5)
  3 very ugly things (Vaults:5)
  Nessos (D:14)
  3 stone giants (Depths:1)
  A deep elf demonologist (Elf:3)
  A white draconian (Zot:1)
  2 deep elf annihilators
  2 putrid mouths (Tar:2)
  2 bennus (Tomb:3)
  A deep elf death mage (Vaults:5)
  4 spark wasps
  A war gargoyle (Hell)
  A bunyip (Swamp:4)
  A purple draconian (Zot:1)
  2 eidola (Tar:2)
  6 mummy priests
  2 ettins (Vaults:5)
  A fire dragon (Zot:3)
  A merfolk impaler (Depths:1)
  A yaktaur captain (Vaults:4)
  2 jorogumos (Spider:4)
  6 rakshasas
  4 entropy weavers
  6 vault guards (Vaults:5)
  2 spriggan skeletons
  2 spriggan air magi
  2 two-headed ogres
  6 dancing weapons
  19 death scarabs
  A deep troll earth mage (Vaults:5)
  A deep troll shaman (Vaults:5)
  A tengu warrior (Depths:1)
  A boulder beetle (Spider:3)
  An occultist (Depths:4)
  A spriggan berserker (Depths:1)
  A demonic crawler (Spider:1)
  A hell knight (Vaults:5)
  An iron troll (Vaults:5)
  2 skeletal warriors
  5 deep trolls
  A salamander mystic (Depths:2)
  A deep troll (shapeshifter) (Depths:4)
  2 orb spiders (Spider:4)
  A swamp dragon (Zot:3)
  A spectral hydra (Swamp:4)
  A sun moth (Spider:1)
  An ironbound convoker (Vaults:5)
  A deep elf pyromancer (Elf:2)
  4 phantasmal warriors
  A cyclops (D:14)
  An ugly thing (Vaults:5)
  5 wolf spiders
  A will-o-the-wisp (Swamp:4)
  3 moths of wrath
  3 elephants (Lair:5)
  A meliai (Depths:2)
  2 torpor snails (Spider:1)
  A tormentor (Tar:1)
  2 yaktaurs (Vaults:5)
  18 guardian mummies
  2 hydra zombies (Swamp:4)
  2 merfolk (Zot:1)
  6 jumping spiders
  3 hornets
  12 tarantellas
  A blink frog (Lair:5)
  6 slime creatures
  3 culicivoras
  2 water elementals
  14 ushabtiu
  4 spriggans
  5 humans (D:14)
  14 redbacks
  2 vampire mosquitoes (D:13)
  2 hydra simulacra (Swamp:4)
  A swamp worm (Swamp:4)
  7 mummies
  A swamp drake zombie (Swamp:4)
  4 orcs (Orc:1)
  187 ballistomycete spores
  A spectral weapon (Zot:3)
467 creatures vanquished.

Vanquished Creatures (others)
  A lich (Tomb:2)
  A death cob (Zot:1)
  A thorn hunter (Swamp:4)
  A fire giant (Geh:3)
  A ghoul (Swamp:4)
  An eleionoma (Swamp:2)
  A spark wasp (Depths:2)
  A shambling mangrove (Swamp:4)
  A rakshasa (WizLab)
  A boulder beetle (Spider:3)
  A swamp dragon (Swamp:4)
  A deep troll (Vaults:1)
  2 spriggan druids (Swamp:4)
  A wolf spider (Spider:4)
  An oklob plant (Swamp:4)
  A yaktaur (Vaults:1)
  2 guardian mummies (Tomb:2)
  A hydra zombie (Swamp:4)
  A hornet (Swamp:2)
  A bloated husk (Swamp:2)
  2 tarantellas
  2 slime creatures (Slime:4)
  2 swamp worms (Swamp:4)
  A swamp dragon zombie (Swamp:4)
  A sleepcap (D:8)
  A mummy (Tomb:2)
  23 ballistomycete spores
  A creeping inferno (Hell)
  20 foxfires
75 creatures vanquished.

Grand Total: 2973 creatures vanquished

Notes
Turn   | Place    | Note
-------+----------+-------------------------------------------
     0 | D:1      | gameguard the Demonspawn Hexslinger began the quest for the
                  | Orb.
     0 | D:1      | Reached XP level 1. HP: 15/15 MP: 2/2
   363 | D:1      | Found Bibaun's Weapon Boutique.
   428 | D:1      | Gained mutation: You have a pair of small antennae on your
                  | head. [demonic ancestry]
   428 | D:1      | Reached XP level 2. HP: 21/21 MP: 3/3
  1360 | D:2      | Learned a level 2 spell: Jinxbite
  1556 | D:2      | Found an ancient bone altar of Kikubaaqudgha.
  1638 | D:2      | Gained mutation: You have a pair of antennae on your head.
                  | [demonic ancestry]
  1638 | D:2      | Reached XP level 3. HP: 21/26 MP: 5/5
  2651 | D:3      | Gained mutation: You are partially covered in icy blue
                  | scales. (AC +2) [demonic ancestry]
  2651 | D:3      | Reached XP level 4. HP: 33/33 MP: 6/6
  2981 | D:3      | Noticed an ogre
  3016 | D:3      | Killed an ogre
  3017 | D:3      | Gained mutation: Your demonic aura sometimes causes spilled
                  | blood to erupt in flames. [demonic ancestry]
  3017 | D:3      | Reached XP level 5. HP: 39/39 MP: 7/7
  3131 | D:3      | Found a sparkling altar of Nemelex Xobeh.
  3796 | D:3      | Found a faded altar of an unknown god.
  3850 | D:4      | Found Zin's Purification Station.
  3858 | D:4      | Bought a potion of curing for 90 gold pieces
  3926 | D:3      | Gained mutation: You are faintly shadowed, very rarely
                  | releasing foul flame when damaged in melee. [demonic
                  | ancestry]
  3926 | D:3      | Reached XP level 6. HP: 38/46 MP: 8/8
  4215 | D:4      | Noticed Grinder
  4394 | D:4      | Reached skill level 1 in Stealth
  4434 | D:4      | Learned a level 3 spell: Sigil of Binding
  4965 | D:4      | Reached XP level 7. HP: 32/52 MP: 6/9
  5047 | D:5      | Entered Level 5 of the Dungeon
  5078 | D:5      | Reached skill level 5 in Ranged Weapons
  5705 | D:5      | Reached skill level 5 in Hexes
  5863 | D:4      | Killed Grinder
  6007 | D:6      | Found a staircase to the Ecumenical Temple.
  6014 | D:6      | Noticed Maggie
  6161 | D:6      | Noticed Pikel
  6233 | D:6      | Reached XP level 8. HP: 61/61 MP: 10/10
  6358 | D:6      | Found Woshry's Distillery.
  6496 | D:6      | Bought a potion of heal wounds for 65 gold pieces
  6496 | D:6      | Bought a potion of invisibility for 104 gold pieces
  6496 | D:6      | Bought a potion of magic for 104 gold pieces
  6496 | D:6      | Bought a potion of enlightenment for 65 gold pieces
  6573 | Temple   | Entered the Ecumenical Temple
  6604 | Temple   | Became a worshipper of Fedhas Madash
  6680 | D:6      | Reached skill level 5 in Fighting
  6911 | D:6      | Killed Maggie
  7276 | D:6      | Found a basalt altar of Yredelemnul.
  7281 | D:6      | Reached XP level 9. HP: 68/68 MP: 11/11
  7345 | D:6      | Got the Verses on Polar Sidekicks
  7499 | D:6      | Killed Pikel
  7725 | D:6      | Reached skill level 10 in Ranged Weapons
  7907 | D:7      | Reached * piety under Fedhas
  8059 | D:7      | Learned a level 4 spell: Cause Fear
  8084 | D:7      | Found a bloodstained altar of Trog.
  8471 | D:8      | Reached skill level 1 in Invocations
  8618 | D:8      | Noticed a two-headed ogre
  8659 | D:8      | Killed a two-headed ogre
  8660 | D:8      | Gained mutation: You are mostly covered in icy blue scales.
                  | (AC +3) [demonic ancestry]
  8660 | D:8      | Reached XP level 10. HP: 74/74 MP: 9/13
  8672 | D:8      | Reached skill level 2 in Invocations
  8672 | D:8      | Reached skill level 1 in Evocations
  8838 | D:8      | Reached ** piety under Fedhas
  8880 | D:8      | Reached skill level 3 in Invocations
  9010 | D:8      | Found a staircase to the Lair.
  9328 | D:8      | Found a hazy altar of Hepliaklqana.
  9658 | D:9      | Found a sacrificial altar of Ru.
  9677 | D:9      | Reached skill level 4 in Invocations
  9890 | D:9      | Noticed Erolcha
 10190 | D:9      | Reached *** piety under Fedhas
 11047 | D:10     | Entered Level 10 of the Dungeon
 11194 | D:10     | Identified the +11 short sword of Geavinok {freeze, Fly
                  | Will+ Int+3 Dex-4}
 11269 | D:10     | Noticed a two-headed ogre
 11277 | D:10     | Killed a two-headed ogre
 11278 | D:10     | Reached XP level 11. HP: 72/81 MP: 12/14
 11585 | D:10     | Reached skill level 5 in Invocations
 11782 | D:10     | Noticed Sonja
 11787 | D:10     | Killed Sonja
 11819 | D:10     | Identified the +2 robe "Cecojav" {+Blink Dex+5 Slay-2
                  | Stlth+}
 11835 | D:10     | Found Cuteg's Weapon Shoppe.
 12032 | D:10     | Noticed a vault guard
 12053 | D:10     | Killed a vault guard
 12108 | D:10     | Found a portal to a secret trove of treasure.
 12367 | Lair:1   | Entered Level 1 of the Lair of Beasts
 12388 | Lair:1   | Reached skill level 6 in Invocations
 12442 | Lair:1   | Found a dark tunnel.
 12492 | Volcano  | Entered a volcano
 12509 | Volcano  | Noticed a two-headed ogre
 12520 | Volcano  | Killed a two-headed ogre
 12552 | Volcano  | Noticed a two-headed ogre
 12557 | Volcano  | Killed a two-headed ogre
 12594 | Volcano  | Noticed a red draconian
 12604 | Volcano  | Noticed an ogre mage
 12604 | Volcano  | Noticed a two-headed ogre
 12604 | Volcano  | Noticed a two-headed ogre
 12627 | Volcano  | Killed an ogre mage
 12628 | Volcano  | Reached skill level 7 in Invocations
 12633 | Volcano  | Killed a two-headed ogre
 12666 | Volcano  | Killed a two-headed ogre
 12856 | Volcano  | Killed a red draconian
 12857 | Volcano  | Reached skill level 8 in Invocations
 13119 | Lair:1   | Reached skill level 1 in Armour
 13119 | Lair:1   | Reached XP level 12. HP: 91/91 MP: 18/18
 13151 | Lair:1   | Reached **** piety under Fedhas
 13359 | Lair:1   | Reached skill level 5 in Evocations
 13610 | Lair:1   | Found a runed translucent door.
 13610 | Lair:1   | Noticed a reaper
 14138 | Lair:2   | Reached skill level 9 in Invocations
 14448 | Lair:2   | Noticed a boulder beetle
 14462 | Lair:2   | Killed a boulder beetle
 14476 | Lair:2   | Noticed a boulder beetle
 14547 | Lair:2   | Killed a boulder beetle
 14548 | Lair:2   | Reached skill level 10 in Invocations
 14599 | Lair:2   | Reached ***** piety under Fedhas
 14830 | Lair:2   | Noticed a catoblepas
 14840 | Lair:2   | Killed a catoblepas
 15041 | Lair:2   | Noticed Gastronok
 15059 | Lair:2   | Killed Gastronok
 15359 | Lair:2   | Gained mutation: You are shadowed, sometimes releasing foul
                  | flame when damaged in melee. [demonic ancestry]
 15359 | Lair:2   | Reached XP level 13. HP: 99/99 MP: 16/20
 15456 | Lair:2   | Found a staircase to the Swamp.
 15889 | Lair:3   | Reached skill level 5 in Dodging
 15902 | Lair:3   | Reached skill level 11 in Invocations
 16314 | Lair:3   | Found a hole to the Spider Nest.
 17102 | Lair:4   | Reached skill level 15 in Ranged Weapons
 17172 | Lair:4   | Found a viscous altar of Jiyva.
 17173 | Lair:4   | Found a staircase to the Slime Pits.
 17940 | Lair:5   | Entered Level 5 of the Lair of Beasts
 18107 | Lair:4   | Reached skill level 12 in Invocations
 18277 | Lair:5   | Gained mutation: You are darkly shadowed, frequently
                  | releasing foul flame when damaged in melee. [demonic
                  | ancestry]
 18277 | Lair:5   | Reached XP level 14. HP: 56/108 MP: 21/23
 18686 | Lair:5   | Reached skill level 10 in Fighting
 18891 | Lair:5   | Reached ****** piety under Fedhas
 19232 | Lair:5   | Identified the amulet "Fooxt" {-Tele ^Fragile Fly rPois
                  | RegenMP+}
 19444 | Lair:5   | Reached skill level 13 in Invocations
 19872 | Lair:1   | Killed a reaper
 20041 | D:9      | Killed Erolcha
 20786 | D:11     | Found an iron altar of Okawaru.
 20861 | D:12     | Found a staircase to the Orcish Mines.
 20913 | D:12     | You fall into a shaft and drop 1 floor!
 21427 | D:12     | Found Yddabil's Antique Weapon Shoppe.
 21735 | Orc:1    | Entered Level 1 of the Orcish Mines
 21813 | Orc:1    | Gained mutation: Your demonic aura often causes spilled
                  | blood to erupt in flames. [demonic ancestry]
 21813 | Orc:1    | Reached XP level 15. HP: 105/115 MP: 25/25
 22073 | Orc:2    | Entered Level 2 of the Orcish Mines
 22117 | Orc:2    | Found a staircase to the Elven Halls.
 22215 | Orc:2    | Noticed Saint Roka
 22254 | Orc:2    | Killed Saint Roka
 22255 | Orc:2    | Reached skill level 14 in Invocations
 22577 | Orc:2    | Paralysed by an orc sorcerer for 2 turns
 22615 | Orc:2    | Paralysed by an orc sorcerer for 2 turns
 22890 | Orc:2    | Found Goxiv's General Store.
 22896 | Orc:2    | Found Counez's Distillery.
 22903 | Orc:2    | Found Midoerot's Jewellery Shoppe.
 22905 | Orc:2    | Found Vyorimor's Magic Scroll Shop.
 22914 | Orc:2    | Bought a scroll of identify for 30 gold pieces
 23190 | Orc:1    | Found a transporter.
 23293 | Orc:1    | Found a roughly hewn altar of Beogh.
 23293 | Orc:1    | Found a transporter.
 24123 | D:14     | Noticed Urug
 24125 | D:14     | Noticed Nessos
 24144 | D:14     | Killed Urug
 24157 | D:14     | Killed Nessos
 24185 | D:14     | Found a gate to the Vaults.
 24418 | D:14     | Reached skill level 15 in Invocations
 24506 | D:14     | Found a radiant altar of Vehumet.
 24734 | D:14     | Found a basalt altar of Yredelemnul.
 25036 | D:15     | Entered Level 15 of the Dungeon
 25138 | D:15     | Gained mutation: You are completely covered in icy blue
                  | scales. (AC +4, rC+) [demonic ancestry]
 25138 | D:15     | Reached XP level 16. HP: 127/127 MP: 27/27
 25531 | D:15     | Identified the +8 broad axe of the Freezing Madman {freeze,
                  | rC+ Str+2 SInv}
 25915 | D:15     | Found a staircase to the Depths.
 26212 | Swamp:1  | Entered Level 1 of the Swamp
 26281 | Swamp:1  | Noticed a thorn hunter
 26424 | Swamp:1  | Identified the +0 ring mail of Defence {Harm Stlth+}
 26483 | Swamp:1  | Learned a level 1 spell: Apportation
 26487 | Swamp:1  | Learned a level 3 spell: Fugue of the Fallen
 26727 | Swamp:1  | Found a runed translucent door.
 26728 | Swamp:1  | Noticed Buiwea Hucos's ghost (adept FoDe)
 27009 | Swamp:2  | Found the +10 zealot's sword {holy, Zealotry, *Rage rN+
                  | EV+3}
 27035 | Swamp:2  | Reached skill level 1 in Translocations
 27058 | Swamp:2  | Reached skill level 1 in Necromancy
 27916 | Swamp:3  | Reached skill level 5 in Armour
 28192 | Swamp:4  | Entered Level 4 of the Swamp
 28246 | Swamp:4  | Found a glacial archway.
 28289 | IceCv    | Entered an ice cave
 28829 | IceCv    | Noticed an Ice Fiend
 28829 | IceCv    | Noticed an Ice Fiend
 28842 | IceCv    | Killed an Ice Fiend
 28868 | IceCv    | Killed an Ice Fiend
 28869 | IceCv    | Reached XP level 17. HP: 72/135 MP: 24/28
 29149 | Swamp:4  | Reached skill level 16 in Invocations
 29295 | Swamp:4  | Found a blossoming altar of Fedhas.
 29309 | Swamp:4  | Got a decaying rune of Zot
 29401 | Swamp:4  | Found a basalt altar of Yredelemnul.
 29594 | Swamp:4  | Noticed nel's ghost (adept KoRe)
 29595 | Swamp:4  | Found a bloodstained altar of Trog.
 29600 | Swamp:4  | Found a transporter.
 29645 | Swamp:4  | Found a transporter.
 29815 | Swamp:4  | Killed nel's ghost
 29979 | Spider:1 | Entered Level 1 of the Spider Nest
 30407 | Spider:1 | Reached skill level 10 in Evocations
 30488 | Spider:1 | Reached skill level 5 in Necromancy
 30987 | Spider:2 | Noticed Louise
 30996 | Spider:2 | Killed Louise
 31124 | Spider:2 | Found a runed translucent gate.
 31124 | Spider:2 | Found a runed translucent gate.
 31124 | Spider:2 | Found a runed translucent gate.
 31396 | Spider:2 | Gained mutation: Your demonic aura causes all spilled blood
                  | to erupt in flames. [demonic ancestry]
 31396 | Spider:2 | Reached XP level 18. HP: 144/144 MP: 30/30
 31509 | Spider:2 | Reached skill level 17 in Invocations
 32104 | Spider:2 | Noticed tweeg707's ghost (adept MDBe)
 32392 | Spider:2 | Killed tweeg707's ghost
 33174 | Spider:3 | Identified the +4 trident of the Mushroom {flame, rPois rN+
                  | Dex+2}
 33469 | Spider:3 | Learned a level 2 spell: Blink
 33474 | Spider:3 | Learned a level 4 spell: Dimensional Bullseye
 33481 | Spider:3 | Learned a level 5 spell: Yara's Violent Unravelling
 33520 | Spider:4 | Entered Level 4 of the Spider Nest
 33938 | Spider:4 | Reached skill level 1 in Alchemy
 34059 | Spider:4 | Noticed Arachne
 34078 | Spider:4 | Killed Arachne
 34134 | Spider:4 | Got a gossamer rune of Zot
 34371 | Spider:4 | Identified the -1 hat "Efiagos" {Will+ Stlth+}
 34652 | Spider:4 | Noticed Bai Suzhen
 34664 | Spider:4 | Killed Bai Suzhen
 34665 | Spider:4 | Reached skill level 10 in Dodging
 34665 | Spider:4 | Reached XP level 19. HP: 152/152 MP: 26/31
 35440 | Vaults:1 | Entered Level 1 of the Vaults
 35467 | Vaults:1 | Reached skill level 18 in Invocations
 35576 | Vaults:1 | Reached skill level 5 in Spellcasting
 35694 | Vaults:1 | Found a magical portal.
 35711 | WizLab   | Entered Tukima's Studio
 35961 | WizLab   | Reached skill level 10 in Hexes
 35988 | WizLab   | Reached skill level 5 in Translocations
 36096 | WizLab   | Noticed gameguard's illusion
 36162 | WizLab   | Got the Monograph on Interference
 36594 | Vaults:1 | Found Cayned's Jewellery Boutique.
 36958 | Vaults:1 | Found Jyretyn's Jewellery Emporium.
 37280 | Vaults:1 | Found Anitas's Book Shop.
 37621 | Vaults:1 | Reached skill level 1 in Shapeshifting
 37734 | Vaults:2 | Reached skill level 5 in Alchemy
 38136 | Vaults:2 | Found a staircase to the Crypt.
 38136 | Vaults:2 | Found a basalt altar of Yredelemnul.
 38136 | Vaults:2 | Found an ancient bone altar of Kikubaaqudgha.
 38322 | Vaults:2 | Reached skill level 15 in Fighting
 38447 | Vaults:2 | Gained mutation: You have a pair of large antennae on your
                  | head. (SInv) [demonic ancestry]
 38447 | Vaults:2 | Reached XP level 20. HP: 158/160 MP: 33/33
 38838 | Vaults:3 | Found Pien's Jewellery Boutique.
 38983 | Vaults:3 | Identified the amulet "Qyjoikav" {Faith rElec rC+ rCorr
                  | MP+9 Str-5}
 39697 | Vaults:3 | Reached skill level 19 in Invocations
 40621 | Vaults:4 | Found a flickering gateway to a bazaar.
 40632 | Bazaar   | Entered a bazaar
 40636 | Bazaar   | Found Namuunni's Antique Weapon Emporium.
 40648 | Bazaar   | Found Vamuimath's Antique Armour Boutique.
 40669 | Bazaar   | Found Jiul's Magic Scroll Emporium.
 40677 | Bazaar   | Bought a scroll of acquirement for 468 gold pieces
 40677 | Bazaar   | Bought 2 scrolls of fear for 72 gold pieces
 40680 | Bazaar   | Found Semaes's General Store.
 40688 | Bazaar   | Bought a scroll of teleportation for 27 gold pieces
 40688 | Bazaar   | Bought a scroll of teleportation for 27 gold pieces
 40688 | Bazaar   | Found Caborchou's Jewellery Shop.
 40710 | Bazaar   | Bought a potion of magic for 72 gold pieces
 40710 | Bazaar   | Bought a wand of mindburst (9) for 113 gold pieces
 40993 | D:1      | Bought the +7 sceptre of Torment {pain, torment} for 1680
                  | gold pieces
 40993 | D:1      | Found the +7 sceptre of Torment {pain, torment}
 41176 | D:10     | You paid a toll of the sceptre of Torment to enter a
                  | treasure trove
 41177 | Trove    | Entered a treasure trove
 41180 | Trove    | Found the +5 Storm Queen's Shield {shock, Fly rElec}
 41182 | Trove    | Identified the +6 chain mail of Fabbiserr {rC+ Str+2}
 41186 | Trove    | Identified the scarf of Codwis {harm, rF+ Will+}
 41188 | Trove    | Identified the +3 chain mail of Ajuomef {Slay+2 SInv}
 41189 | Trove    | Identified the scarf of Miusch {repulsion, rElec rF+}
 41191 | Trove    | Identified the +0 scale mail of True Grit {rF++ Regen+
                  | rCorr Stlth+}
 41192 | Trove    | Identified the +1 pair of boots of Zaudus {Harm +Inv rC-
                  | Stlth+}
 41196 | Trove    | Identified the +1 troll leather armour of the Kangaroo
                  | {^Contam rPois rN+++ Regen+ Dex+4}
 41214 | Trove    | Identified the +0 scale mail "Xulomem" {Regen+ Int+2}
 41272 | D:10     | Acquired 1047 gold pieces
 41501 | Vaults:4 | Reached skill level 1 in Shields
 42477 | Elf:1    | Entered Level 1 of the Elven Halls
 42497 | Elf:1    | Found a radiant altar of Vehumet.
 42657 | Elf:1    | Identified the +5 hand axe of the Mind {vamp, rElec rPois
                  | SInv}
 42771 | Elf:1    | Got the Parchment of Arcane Combat
 43207 | Elf:1    | Found Coziacw's Assorted Antiques.
 43332 | Elf:1    | You are sucked into a shaft and drop 1 floor!
 43379 | Elf:2    | Found Ejytagg's Elven Fire.
 43481 | Elf:2    | Reached XP level 21. HP: 169/169 MP: 34/34
 43513 | Elf:2    | Learned a level 4 spell: Vhi's Electric Charge
 43520 | Elf:2    | Found a runed translucent gate.
 43520 | Elf:2    | Found a runed translucent gate.
 43521 | Elf:2    | Found a runed translucent gate.
 44009 | Elf:2    | Reached skill level 1 in Air Magic
 44218 | Elf:2    | Noticed Donald
 44230 | Elf:2    | Killed Donald
 44308 | Elf:2    | Reached skill level 5 in Shields
 44672 | Elf:3    | Entered Level 3 of the Elven Halls
 44672 | Elf:3    | Found Rineunilei's Antique Armour Boutique.
 44777 | Elf:3    | Found Goylop's Book Emporium.
 44839 | Elf:3    | Reached skill level 5 in Shapeshifting
 44922 | Elf:3    | Found Kutu's Assorted Antiques.
 45030 | Elf:3    | Reached skill level 20 in Invocations
 45361 | Elf:3    | Identified the scarf "Xusag" {shadows, rElec rN+ Str+2
                  | Dex-5}
 45362 | Elf:3    | Identified the ring of Bir Goci {rF+ Int+3}
 45395 | Elf:3    | Identified the staff of Ziecekh {rC+ rCorr Ice}
 45415 | Elf:3    | Got the Volume of the Dragon and Algor
 45418 | Elf:3    | Identified the +5 shortbow of Inquiry {heavy, rF+ rN+
                  | Str+3}
 45440 | Elf:3    | Got the Spellbook of the Quake
 45462 | Elf:3    | Identified the +10 dagger of Huunwal {antimagic, rF+ rC+
                  | Will+ Dex+3}
 45519 | Elf:3    | Identified the +10 shortbow of Daik Nughe {flame, *Corrode
                  | rPois Str+6 Int+3}
 45527 | Elf:3    | Identified the staff "Soychogh" {^Drain Conj Earth Alchemy}
 45819 | Elf:1    | Bought a wand of roots (6) for 432 gold pieces
 45914 | Orc:2    | Bought a potion of mutation for 88 gold pieces
 45914 | Orc:2    | Bought a potion of heal wounds for 55 gold pieces
 45914 | Orc:2    | Bought a potion of invisibility for 88 gold pieces
 45914 | Orc:2    | Bought a potion of heal wounds for 55 gold pieces
 45916 | Orc:2    | Bought a scroll of summoning for 171 gold pieces
 46079 | Depths:1 | Entered Level 1 of the Depths
 46079 | Depths:1 | Found a one-way gateway to a ziggurat.
 46096 | Depths:1 | Noticed Nikola
 46102 | Depths:1 | Killed Nikola
 46103 | Depths:1 | Reached skill level 10 in Shields
 46451 | Depths:1 | Found a gateway to Hell.
 46595 | Depths:1 | Gained mutation: Your presence sometimes corrodes those you
                  | injure. [demonic ancestry]
 46595 | Depths:1 | Reached XP level 22. HP: 165/178 MP: 36/36
 46692 | Depths:1 | Found a one-way gate to the infinite horrors of the Abyss.
 46714 | Depths:1 | Found a one-way gate leading to the halls of Pandemonium.
 47144 | Depths:2 | Noticed a juggernaut
 47162 | Depths:2 | Killed a juggernaut
 47232 | Depths:2 | Reached XP level 23. HP: 184/184 MP: 37/37
 47481 | Depths:2 | Noticed a caustic shrike
 47486 | Depths:2 | Killed a caustic shrike
 47735 | Depths:2 | Noticed a juggernaut
 47742 | Depths:2 | Noticed a juggernaut
 47745 | Depths:2 | Killed a juggernaut
 47751 | Depths:2 | Killed a juggernaut
 47958 | Depths:2 | Identified the +7 mace of the Six Eyes {vamp, rElec Int+6}
 48499 | Depths:2 | Got the Compilation of Assaults and Glaciation
 48513 | Depths:2 | Identified the amulet "Kuavyzali" {Acrobat *Slow rF- Dex+7
                  | SInv}
 49093 | Depths:3 | Identified the +3 plate armour of the Twelve Orbs {Will-
                  | MP+9 Dex+7 Stlth+}
 49739 | Depths:3 | Paralysed by an air elemental for 1 turns
 49778 | Depths:3 | Reached XP level 24. HP: 181/193 MP: 37/37
 50379 | Depths:3 | Identified the +3 robe "Boadoco" {Harm rC++}
 50379 | Depths:3 | Noticed Boris
 50389 | Depths:3 | Killed Boris
 50390 | Depths:3 | Reached skill level 21 in Invocations
 50585 | Depths:4 | Entered Level 4 of the Depths
 50911 | Depths:4 | Found a gate to the Realm of Zot.
 52013 | Vaults:5 | Entered Level 5 of the Vaults
 52033 | Vaults:5 | Reached skill level 15 in Shields
 52036 | Vaults:5 | Found the +8 mithril axe "Arga" {speed, Will+}
 52057 | Vaults:5 | Noticed an ancient lich
 52065 | Vaults:5 | Killed an ancient lich
 52168 | Vaults:5 | Reached skill level 22 in Invocations
 52377 | Vaults:5 | Identified the +1 war axe of Responsibility {elec, ^Drain
                  | rElec Dex+3}
 52385 | Vaults:5 | Identified the +0 leather armour of Zaecra {Slay+2}
 52736 | Vaults:5 | Gained mutation: Your presence sometimes corrodes or
                  | deforms those you injure. [demonic ancestry]
 52736 | Vaults:5 | Reached XP level 25. HP: 204/204 MP: 35/38
 52912 | Vaults:5 | Identified the +0 robe of Quuk {Will+}
 53021 | Vaults:5 | Got the Compendium of Orientation and Geomancy
 53159 | Vaults:5 | Got a silver rune of Zot
 53174 | Vaults:5 | Identified the staff of Domination {rElec Will+++ Dex+5
                  | Stlth- Air}
 53296 | Vaults:5 | Reached skill level 23 in Invocations
 53534 | Crypt:1  | Entered Level 1 of the Crypt
 53544 | Vaults:2 | Reached skill level 10 in Shapeshifting
 55084 | Crypt:3  | Entered Level 3 of the Crypt
 55353 | Crypt:3  | Identified the +6 long sword of the Wary Visions {freeze,
                  | Dex+3}
 55702 | Crypt:3  | Found a staircase to the Tomb.
 55830 | Crypt:3  | Found an ancient bone altar of Kikubaaqudgha.
 56005 | Crypt:3  | Noticed a dread lich
 56013 | Crypt:3  | Killed a dread lich
 56955 | Tomb:1   | Entered Level 1 of the Tomb of the Ancients
 57422 | Tomb:1   | Reached XP level 26. HP: 211/211 MP: 38/38
 57473 | Tomb:1   | Noticed a royal mummy
 57553 | Tomb:1   | Noticed a royal mummy
 57572 | Tomb:1   | Killed a royal mummy
 57582 | Tomb:1   | Noticed a royal mummy
 57585 | Tomb:1   | Killed a royal mummy
 57664 | Tomb:1   | Noticed a royal mummy
 57666 | Tomb:1   | Killed a royal mummy
 57669 | Tomb:1   | Killed a royal mummy
 57750 | Tomb:1   | Noticed a royal mummy
 57773 | Tomb:1   | Killed a royal mummy
 57833 | Tomb:1   | Noticed a royal mummy
 57842 | Tomb:1   | Killed a royal mummy
 57844 | Tomb:1   | Noticed a royal mummy
 58079 | Tomb:1   | Killed a royal mummy
 58598 | Slime:1  | Entered Level 1 of the Pits of Slime
 58731 | Slime:4  | Reached skill level 15 in Shapeshifting
 58772 | Slime:5  | Entered Level 5 of the Pits of Slime
 58824 | Slime:5  | Noticed the Royal Jelly
 58850 | Slime:5  | Killed the Royal Jelly
 58955 | Slime:5  | Learned a level 4 spell: Passage of Golubria
 58986 | Slime:5  | Identified the amulet "Woqeopia" {Faith Rampage Will+ Str+5
                  | Int+2}
 58992 | Slime:5  | Identified the ring of Nureroest {rPois rF+ rC- Slay+4
                  | Stlth+}
 59048 | Slime:5  | Got a starry gem with 127 turns to spare
 59052 | Slime:5  | Got a slimy rune of Zot
 59069 | Slime:5  | Identified the staff of Offence {rPois rF+ rN+ Will- Necro
                  | Ice}
 59072 | Slime:5  | Identified the ring of the Byakko {Fire Fly Str-4 Dex+3}
 59089 | Slime:5  | Identified the +3 falchion "Huiqal" {heavy, rElec rC- Will-
                  | Str+6}
 59108 | Slime:5  | Identified the +0 plate armour of the Nexus {Str+4}
 59167 | Slime:5  | Identified the +4 short sword of Circular Logic {spect,
                  | rCorr Str+3 Int+5}
 60336 | D:6      | Bought 2 potions of ambrosia for 208 gold pieces
 60336 | D:6      | Bought a potion of magic for 104 gold pieces
 60336 | D:6      | Bought a potion of enlightenment for 65 gold pieces
 60336 | D:6      | Bought a potion of magic for 104 gold pieces
 60962 | Tomb:3   | Entered Level 3 of the Tomb of the Ancients
 61016 | Tomb:3   | Noticed a royal mummy
 61017 | Tomb:3   | Killed a royal mummy
 61023 | Tomb:3   | Noticed a royal mummy
 61024 | Tomb:3   | Noticed a royal mummy
 61025 | Tomb:3   | Killed a royal mummy
 61026 | Tomb:3   | Killed a royal mummy
 61032 | Tomb:3   | Noticed a royal mummy
 61033 | Tomb:3   | Killed a royal mummy
 61102 | Tomb:3   | Noticed a royal mummy
 61109 | Tomb:3   | Noticed a royal mummy
 61112 | Tomb:3   | Killed a royal mummy
 61113 | Tomb:3   | Noticed a royal mummy
 61132 | Tomb:3   | Killed a royal mummy
 61142 | Tomb:3   | Killed a royal mummy
 61154 | Tomb:3   | Noticed a royal mummy
 61156 | Tomb:3   | Noticed a royal mummy
 61164 | Tomb:3   | Killed a royal mummy
 61164 | Tomb:3   | Killed a royal mummy
 61165 | Tomb:3   | Gained mutation: You can speak a Word of Chaos. [demonic
                  | ancestry]
 61165 | Tomb:3   | Reached XP level 27. HP: 93/214 MP: 10/38
 61317 | Tomb:3   | Identified the +0 crystal plate armour of Isisuawi {Will++}
 61363 | Tomb:3   | Identified the +1 leather armour "Laicreipt" {Harm +Inv rF-
                  | rC+}
 61484 | Tomb:3   | Got a golden rune of Zot
 61581 | Tomb:3   | Got the Papyrus of the Non-Euclidean Sky
 61627 | Tomb:3   | Identified the ring "Beih" {rN+ Will+ MP+9 Str-5}
 61968 | Tomb:1   | Noticed a royal mummy
 61980 | Tomb:1   | Killed a royal mummy
 61987 | Tomb:1   | Noticed a royal mummy
 61996 | Tomb:1   | Killed a royal mummy
 62063 | Tomb:1   | Noticed a royal mummy
 62477 | Hell     | Entered the Vestibule of Hell
 62479 | Hell     | Noticed Geryon
 62493 | Hell     | Killed Geryon
 62597 | Hell     | Found a gateway to the Iron City of Dis.
 62658 | Hell     | Found a gateway to the freezing wastes of Cocytus.
 62747 | Hell     | Noticed a dread lich
 62748 | Hell     | Paralysed by a dread lich for 5 turns
 62781 | Depths:1 | Killed a dread lich
 62883 | Hell     | Found a gateway to the decaying netherworld of Tartarus.
 62969 | Hell     | Found a gateway to the ashen valley of Gehenna.
 63124 | Geh:1    | Entered Level 1 of Gehenna
 63159 | Geh:1    | Noticed an ancient lich
 63166 | Geh:1    | Killed an ancient lich
 63511 | Vaults:1 | Bought a talisman of death for 1280 gold pieces
 64062 | Hell     | HP: 9/215 [searing wretch (10)]
 64369 | Zot:1    | Entered Level 1 of the Realm of Zot
 65349 | Zot:2    | Noticed an orb of fire
 65353 | Zot:2    | Gained mutation: Your health recovers twice as slowly from
                  | being drained. [an orb of fire]
 65361 | Zot:2    | Killed an orb of fire
 65565 | Zot:2    | Found a snail-covered altar of Cheibriados.
 65724 | Zot:2    | Noticed an orb of fire
 65737 | Zot:2    | Killed an orb of fire
 67156 | Zot:3    | Noticed Vv
 67305 | Zot:3    | Killed Vv
 67504 | Zot:3    | Identified the +8 lajatang "Transmigrator" {spect, rC+
                  | Int+2 SInv}
 67504 | Zot:3    | Identified the +8 sling "Awkohod" {flame, rPois rCorr}
 67504 | Zot:3    | Found the +4 dragonskin cloak {Aegis}
 67504 | Zot:3    | Noticed Tiamat
 67538 | Zot:3    | Killed Tiamat
 67626 | Zot:3    | Identified the blade talisman of the Marlin {Will++ rCorr}
 67630 | Zot:3    | Identified the dragon-blood talisman "Fokuof" {SInv Stlth+}
 67672 | Zot:3    | Identified the +9 halberd "Ypu Ykos" {spect, rElec Int+2}
 67994 | Zot:3    | Lost mutation: Your health recovers twice as slowly from
                  | being drained. [potion of mutation]
 67994 | Zot:3    | Gained mutation: You have an increased reservoir of magic.
                  | (+10% MP) [potion of mutation]
 67995 | Zot:3    | Lost mutation: You have an increased reservoir of magic.
                  | (+10% MP) [potion of mutation]
 67995 | Zot:3    | Gained mutation: You expend magic power (3 MP) to
                  | strengthen your wands. [potion of mutation]
 67996 | Zot:3    | Lost mutation: You expend magic power (3 MP) to strengthen
                  | your wands. [potion of mutation]
 67996 | Zot:3    | Gained mutation: You expend magic power (3 MP) to
                  | strengthen your wands. [potion of mutation]
 67996 | Zot:3    | Gained mutation: You have hidden genetic potential. [potion
                  | of mutation]
 68997 | Zot:4    | Lost mutation: You expend magic power (3 MP) to strengthen
                  | your wands. [potion of mutation]
 68997 | Zot:4    | Lost mutation: You have hidden genetic potential. [potion
                  | of mutation]
 68997 | Zot:4    | Gained mutation: You have hidden genetic defects. [potion
                  | of mutation]
 68997 | Zot:4    | Gained mutation: Your flesh is heat resistant. (rF+)
                  | [potion of mutation]
 68997 | Zot:4    | Gained mutation: Your muscles are strong. (Str +4, Int/Dex
                  | -1) [potion of mutation]
 68997 | Zot:4    | Gained mutation: Your muscles are very strong. (Str +8,
                  | Int/Dex -2) [potion of mutation]
 68998 | Zot:4    | Lost mutation: You have hidden genetic defects. [potion of
                  | mutation]
 68998 | Zot:4    | Lost mutation: Your muscles are very strong. (Str +8,
                  | Int/Dex -2) [potion of mutation]
 68998 | Zot:4    | Gained mutation: Your natural rate of healing is unusually
                  | fast. [potion of mutation]
 68998 | Zot:4    | Gained mutation: You expend magic power (3 MP) to
                  | strengthen your wands. [potion of mutation]
 68998 | Zot:4    | Gained mutation: You are strong-willed. (Will+) [potion of
                  | mutation]
 69346 | Tar:1    | Entered Level 1 of Tartarus
 70085 | Tar:2    | HP: 10/200 [Tzitzimitl/dispel undead[a doom hound] (34)]
 70086 | Tar:2    | Killed from afar by a Tzitzimitl

Illustrated notes

Levels and vault maps discovered:
D:1:      kennysheep_arrival_forest, layout_basic, serial_shops, shop,
          minmay_misc_feat_cross
D:2:      layout_basic, basic_altar, minmay_misc_feat_roman
D:3:      layout_rooms, mainiacjoe_overflow_small_starburst,
          shapermc_ecumenical_altar_hornbeckon, nrook_campfire
D:4:      layout_loops_ring, zin_purify, uniq_grinder
D:5:      layout_loops_cross
D:6:      layout_layer_cave, mainiacjoe_overflow_surrounded_room,
          temple_statues, serial_shops, nicolae_inconvenience_store, uniq_pikel,
          uniq_maggie
D:7:      layout_cave_pools, mainiacjoe_overflow_catwalk
D:8:      hellmonk_crumbling_castle, layout_basic,
          nicolae_hepliaklqana_hippocampus, david_lair_shrubbed
D:9:      layout_layer_cave, mainiacjoe_overflow_paths, uniq_erolcha
D:10:     minmay_inner_zag, layout_rooms, nicolae_overflow_crystal_walls,
          serial_shops, kennysheep_mini, enter_trove_5,
          kennysheep_opposing_triangles, uniq_sonja
D:11:     layout_cave_pools, hellmonk_okawaru_the_only_friend_you_need
D:12:     layout_rooms, orc_0_dummy, serial_shops, shop, hangedman_fish_farm
D:13:     dreamdust_cave_troll, layout_basic
D:14:     layout_gridville, david_vaults_3, fiery_altar_vehumet,
          lemuel_zombie_altar_yredelemnul
D:15:     grunt_enter_depths_hoard, layout_loops_ring, due_unseen_surprise
Temple:   regret_index_temple_generic_petals
Lair:1:   layout_gridlike, nicolae_volcano_entry_two_sided,
          pdpol_lair_cabin_in_the_woods
Lair:2:   layout_cellular_growth, mainiacjoe_swamp_entry_angry_trees,
          nicolae_quartered_pool_super, roderic_carrion_pond,
          pdpol_lair_cavern_descent, uniq_gastronok
Lair:3:   layout_misc_corridors, spider_nest_entry_a,
          nicolae_lair_grazing_beasts [nicolae_sub_lair_graze_edge,
          nicolae_sub_lair_graze_edge, nicolae_sub_lair_graze_edge,
          nicolae_sub_lair_graze_edge], grunt_megastairs_4,
          serial_bayou_shore_a, infiniplex_staircase_pool
Lair:4:   layout_regular_city, slime_entry_1, eino_small_chamber_without_monster
Lair:5:   minmay_lair_end_frog_pond, layout_cave_pods, guppyfry_lair_drakes
Swamp:1:  nicolae_swamp_secret_spriggan_hideout, layout_basic_swamp,
          ebering_ghost_reflecting_pool, nicolae_swamp_fairy_circle
Swamp:2:  layout_basic_swamp, nicolae_swamp_big_swirl, swamp_pool_1_2,
          nicolae_swamp_nymph_family_reunion
Swamp:3:  layout_falls_marsh, nicolae_swamp_feature_on_the_river_bank,
          swamp_pool_4
Swamp:4:  byrel_swamp_growth_death_and_undeath, layout_basic_swamp,
          portal_ice_cave_entry_pillars_2, gammafunk_ghost_wrathful_warriors
Spider:1: nicolae_spider_hall_of_the_moth_king
Spider:2: layout_spider_delve, ebering_ghost_rock_garden,
          nicolae_spider_bug_shape, uniq_louise
Spider:3: nicolae_spider_brood_tunnel, nicolae_spider_rock_and_or_roll
Spider:4: johnstein_spider_rune_arachne_lair, uniq_bai_suzhen
Slime:1:  layout_caves, basic_altar
Slime:2:  layout_caves, nicolae_slime_getting_an_eyeful
Slime:3:  layout_caves
Slime:4:  layout_caves
Slime:5:  slime_pit_nicolae_amoeboid
Orc:1:    gammafunk_beogh_shrine, layout_diamond_mine
Orc:2:    st_orc_elflike, layout_caves, uniq_saint_roka
Elf:1:    eino_elf_arrival_altar, layout_loops_corners, serial_shops,
          nicolae_shop_waterfront, nicolae_elf_shapeshifter_party
Elf:2:    elven_hall_of_blades_hangedman_original
          [nicolae_blade_entry_antechamber], layout_loops_corners,
          guppyfry_elf_lava, uniq_donald
Elf:3:    minmay_elf_hall_not_hex, layout_geoelf_octagon, serial_shops, shop,
          nicolae_shop_getting_attention, shop, minivault_25_ag,
          nicolae_elf_variegated_diamond
Vaults:1: mu_enter_wizlab_6, hangedman_vaults_stretched_pinwheel, v_misc_8,
          hangedman_vaults_restitches, hangedman_vaults_nails,
          vaults_room_grunt_arrival_ludios, nicolae_vaults_security_offices_6,
          nicolae_vaults_two_Ls, vaults_room_door_ring,
          nicolae_vaults_tetromino_T_1, layout_vaults_omnigrid, serial_shops,
          shop, nicolae_shop_real_fake_doors, shop
Vaults:2: nicolae_vaults_offset_grid_hallway_1, minmay_crypt_entry_necro_gods,
          vaults_mumra_minichess_inversion, v_misc_25,
          nicolae_vaults_offset_grid_hallway_4, nicolae_vaults_holding_cells,
          v_misc_19, vaults_dpeg_cross, nicolae_vaults_three_branches,
          nicolae_vaults_little_squares_4, v_misc_16, layout_vaults_ring
Vaults:3: nicolae_vaults_spaceships, nicolae_vaults_network_periphery,
          vaults_standard_mumra_lines, nicolae_vaults_little_squares_2,
          nicolae_vaults_little_squares_2, v_misc_32, nicolae_vaults_quadrants,
          v_misc_29, vaults_room_ringed_pool, nicolae_vaults_specimen_jars,
          ontoclasm_vaults_twist, grunt_vaults_funnel, hangedman_vaults_impose,
          layout_vaults_omnicross, serial_shops, nicolae_shop_gaudy_bauble
Vaults:4: grunt_vaults_hallway_long, nicolae_vaults_tetromino_Z_2, v_pattern_5,
          nicolae_vaults_variable_pillar_hall, ontoclasm_vaults_decontamination,
          ontoclasm_vaults_tryst, nicolae_vaults_tetromino_Z_2,
          layout_vaults_big_room, serial_shops, bzr_entry_customers
Vaults:5: uniq_margery
Crypt:1:  layout_misc_corridors, serial_library_hellmonk_semicircle
Crypt:2:  layout_catacombs
Crypt:3:  evilmike_haunted_forest
Tomb:1
Tomb:2
Tomb:3:   uniq_boris
Depths:1: layout_cave_pools, enter_ziggurat_a, grunt_hell_horde,
          serial_sigils_hangedman_confine, grunt_pan_entry_spiral, abyss_entry,
          serial_sigils_hangedman_writhe, minivault_11,
          hangedman_abyss_or_decor_lesser_grid, dk_noncrumbling_3, uniq_nikola
Depths:2: box_level_dp, pan_entry, hell_entry
Depths:3: constructs_gauntlet_mu_hangedman, layout_gridlike,
          grunt_hell_entry_dis_grunt, nicolae_zig_zag_zippers, abyss_entry,
          drop_trap, infiniplex_staircase_squiggle
Depths:4: evilmike_zot_entry_gauntlet, layout_gridlike,
          serial_sigils_hangedman_shear, hell_entry,
          regret_index_abyss_entry_earlier_magic
Hell
Geh:1:    layout_gehenna_lava_caves
Geh:2:    layout_gehenna_pools_triple
Geh:3:    layout_gehenna_pools_basic
Geh:4:    layout_gehenna_pools_basic
Tar:1:    nicolae_tar_checkpoint_tarlie, layout_cathedral_of_symmetry,
          lemuel_nasty_fountain
Tar:2:    layout_honeycomb, nicolae_tar_stay_or_leave
Zot:1:    layout_basic, grunt_megastairs_1
Zot:2:    layout_gridlike, regret_index_zotdec_tunneler,
          regret_index_zotdec_serpentine_scales
Zot:3:    kennysheep_bubbly, layout_cathedral_of_symmetry,
          st_grand_hoard_of_tiamat, uniq_vv
Zot:4:    layout_concentric_octagons, regret_index_zotdec_wing_it

Skill      XL: |  1  2  3  4  5  6  7  8  9 10 11 12 13 14 15 16 17 18 19 20 21 22 23 24 25 26 27 |
---------------+----------------------------------------------------------------------------------+-----
Ranged Weapons | 2 3 4 6 8 11 12 13 14 15 16 17 18 19 20 | 20.0
Fighting       | 2 3 4 5 6 7 8 9 10 12 13 14 15 16 18 | 18.1
Hexes          | 4 5 6 7 8 9 10 11 | 11.2
Stealth        | 1 2 |  2.0
Dodging        | 2 4 6 7 8 10 11 12 | 12.2
Invocations    | 1 4 8 10 12 13 15 16 17 18 19 20 22 23 | 23.1
Spellcasting   | 2 3 4 5 6 |  6.9
Evocations     | 3 4 5 7 8 9 10 11 | 11.4
Armour         | 1 2 3 5 6 7 8 |  8.3
Translocations | 2 3 5 6 8 |  8.3
Necromancy     | 3 5 6 |  6.0
Alchemy        | 2 5 6 7 |  7.4
Shapeshifting  | 1 4 5 6 9 13 17 22 | 22.2
Shields        | 3 11 13 14 15 17 18 19 | 19.4
Air Magic      | 2 3 |  3.3
Fire Magic     | |  0.8

Action                     |  1- 3 |  4- 6 |  7- 9 | 10-12 | 13-15 | 16-18 | 19-21 | 22-24 | 25-27 || total
---------------------------+-------+-------+-------+-------+-------+-------+-------+-------+-------++-------
  Melee: Unarmed           |       |    11 |       |       |       |       |       |       |       ||    11
         Sling             |       |     1 |       |       |       |       |       |       |       ||     1
   Fire: Sling             |   142 |   138 |    20 |       |       |       |       |       |       ||   300
         Longbow           |       |       |   187 |   433 |   985 |  1373 |   932 |       |       ||  3910
         Hand cannon       |       |       |       |       |       |       |   227 |   848 |  2322 ||  3397
  Throw: Dart              |       |       |       |     2 |     5 |     4 |       |     2 |       ||    13
         Throwing net      |       |       |       |       |     1 |       |     1 |       |       ||     2
   Cast: Jinxbite          |     4 |    10 |    27 |    42 |    17 |     3 |       |       |       ||   103
         Sigil of Binding  |       |       |     2 |     6 |       |       |       |       |       ||     8
         Cause Fear        |       |       |       |       |     1 |     1 |       |       |     3 ||     5
         Fugue of the Fall |       |       |       |       |       |     7 |     6 |     3 |     2 ||    18
         Dimensional Bulls |       |       |       |       |       |       |    20 |     8 |    53 ||    81
         Apportation       |       |       |       |       |       |       |     2 |       |     3 ||     5
         Yara's Violent Un |       |       |       |       |       |       |     2 |     2 |     2 ||     6
         Blink             |       |       |       |       |       |       |       |       |    11 ||    11
         Passage of Golubr |       |       |       |       |       |       |       |       |     2 ||     2
 Invoke: Wall of Briars    |       |       |       |     2 |    15 |    20 |    12 |     8 |    13 ||    70
         Grow Ballistomyce |       |       |       |       |     7 |    11 |     8 |     3 |     9 ||    38
         Grow Oklob        |       |       |       |       |       |    11 |     6 |    10 |    24 ||    51
         Overgrow          |       |       |       |       |       |       |       |       |     2 ||     2
Ability: Word of Chaos     |       |       |       |       |       |       |       |       |     1 ||     1
         Begin Untransform |       |       |       |       |       |       |       |       |     1 ||     1
  Evoke: Wand              |       |       |       |     7 |     3 |    24 |     1 |     2 |    33 ||    70
         Lightning rod     |       |       |       |       |       |    15 |     2 |       |       ||    17
         Gell's gravitambo |       |       |       |       |       |     2 |     1 |     2 |     2 ||     7
         Sack of spiders   |       |       |       |       |       |       |       |       |     2 ||     2
         Condenser vane    |       |       |       |       |       |       |       |       |     2 ||     2
         Phantom mirror    |       |       |       |       |       |       |       |       |     1 ||     1
    Use: Scroll            |     4 |     3 |     5 |     8 |    11 |     6 |    13 |     4 |    25 ||    79
         Potion            |     1 |     4 |     1 |       |     2 |     5 |     4 |     2 |    43 ||    62
 Armour: Robe              |    57 |       |       |       |       |       |       |       |       ||    57
         Leather armour    |       |   103 |    16 |       |       |       |       |       |       ||   119
         Skin              |       |    25 |       |       |       |       |       |       |    56 ||    81
         Steam dragon scal |       |       |    41 |    54 |       |       |       |       |       ||    95
         Ring mail         |       |       |       |    69 |   193 |   225 |       |       |       ||   487
         Swamp dragon scal |       |       |       |       |       |   356 |   192 |       |   187 ||   735
         Troll leather arm |       |       |       |       |       |       |    65 |   227 |   630 ||   922
  Dodge: Dodged            |    41 |    43 |    58 |   130 |   198 |   429 |   231 |   177 |   928 ||  2235
  Block: Other             |       |       |       |    24 |    60 |     1 |       |       |       ||    85
         Reflection        |       |       |       |     1 |     8 |       |       |       |       ||     9
         Kite shield       |       |       |       |       |       |       |    57 |   293 |  1563 ||  1913
   Form: Death             |       |       |       |       |       |       |       |       |     2 ||     2

Table legend: (Time is in decaauts)
 A = Elapsed time spent in this place.
 B = Non-inter-level travel time spent in this place.
 C = Inter-level travel time spent in this place.
 D = Time resting spent in this place.
 E = Time spent auto-exploring this place.
 F = Levels seen in this place.
 G = Mean time per level.
                   A        B        C        D        E       F      G
               +--------+--------+--------+--------+--------+-----+--------+
         Total |  70762 |  62701 |   8061 |   3065 |  40549 |  70 | 1010.9 |
       Dungeon |  18506 |  15423 |   3083 |    855 |  11303 |  15 | 1233.7 |
        Temple |     58 |      6 |     52 |      0 |      0 |   1 |   58.0 |
          Lair |   7858 |   6881 |    977 |    658 |   4702 |   5 | 1571.6 |
         Swamp |   3095 |   2817 |    278 |     17 |   1960 |   4 |  773.8 |
   Spider Nest |   5030 |   4820 |    210 |    408 |   2673 |   4 | 1257.5 |
    Slime Pits |   1195 |   1095 |    100 |     64 |    526 |   5 |  239.0 |
  Orcish Mines |   1988 |   1690 |    298 |    205 |    933 |   2 |  994.0 |
   Elven Halls |   3496 |   3220 |    276 |     63 |   2281 |   3 | 1165.3 |
        Vaults |   7495 |   6709 |    786 |     93 |   4640 |   5 | 1499.0 |
         Crypt |   3853 |   3399 |    454 |      0 |   2121 |   3 | 1284.3 |
          Tomb |   2894 |   2530 |    364 |    165 |   1079 |   3 |  964.7 |
        Depths |   6362 |   5621 |    741 |     96 |   3924 |   4 | 1590.5 |
          Hell |    957 |    883 |     74 |    115 |    369 |   1 |  957.0 |
       Gehenna |    556 |    519 |     37 |    106 |     66 |   4 |  139.0 |
      Tartarus |    594 |    565 |     29 |      0 |    262 |   2 |  297.0 |
           Zot |   4858 |   4563 |    295 |     23 |   3357 |   4 | 1214.5 |
        Bazaar |     84 |     84 |      0 |      0 |     55 |   1 |   84.0 |
         Trove |     61 |     61 |      0 |      0 |      0 |   1 |   61.0 |
      Ice Cave |    720 |    720 |      0 |    109 |    196 |   1 |  720.0 |
       Volcano |    384 |    384 |      0 |      4 |      0 |   1 |  384.0 |
        Wizlab |    711 |    711 |      0 |     82 |     98 |   1 |  711.0 |
               +--------+--------+--------+--------+--------+-----+--------+

Top non-repeatable levels by time:
 Crypt:3: 2131 daAuts
  Lair:2: 2014 daAuts
Depths:3: 1936 daAuts
Vaults:3: 1912 daAuts
  Tomb:1: 1894 daAuts
Depths:2: 1856 daAuts
   Zot:3: 1774 daAuts
     D:9: 1738 daAuts
     D:2: 1725 daAuts
     D:6: 1676 daAuts
Vaults:1: 1649 daAuts
     D:8: 1625 daAuts
  Lair:1: 1597 daAuts
  Lair:5: 1594 daAuts
    D:10: 1592 daAuts
